 Dungeon Crawl Stone Soup version 0.30-a0-879-ga8ba668304 (webtiles) character file.

Game seed: 18133936637888584234

60 iguanaiguana the Chiller (level 3, -3/27 HPs)
             Began as an Armataur Ice Elementalist on Mar 14, 2023.
             Slain by a howler monkey (4 damage)
             ... on level 4 of the Dungeon.
             The game lasted 00:04:57 (530 turns).

iguanaiguana the Chiller (Armataur Ice Elementalist) Turns: 530, Time: 00:04:58

Health: -3/27      AC:  4    Str: 13    XL:     3   Next: 82%
Magic:  0/6        EV:  9    Int: 17    God:
Gold:   46         SH:  0    Dex: 10    Spells: 3/7 levels left

rFire   . . .      SeeInvis .    j - +0 whip
rCold   . . .      Faith    .    (no shield)
rNeg    . . .      Spirit   .    a - +0 robe
rPois   .          Reflect  .    (no helmet)
rElec   .          Roll     +    (no cloak)
rCorr   .                        (no gloves)
Will    .....                    (no barding)
Stlth   ++                       (no amulet)
HPRegen 0.24/turn                (no ring)
MPRegen 0.10/turn                (no ring)

@: freezing walls, very slightly contaminated, hasted, very quick
A: large, rugged brown scales 3, deformed body, armoured tail, roll, long
tongue, awkward tongue
a: no special abilities


You were on level 4 of the Dungeon.
You visited 1 branch of the dungeon, and saw 4 of its levels.

You collected 46 gold pieces.

Inventory:

Hand Weapons
 h - a +0 sling
 j - a +0 whip (weapon)
Missiles
 c - 10 poisoned darts (quivered)
Armour
 a - a +0 robe (worn)
Scrolls
 f - a scroll of poison {unknown}
 g - a scroll of noise
 i - a scroll of identify {unknown}
 k - a scroll of amnesia {unknown}
Potions
 b - a potion of magic


   Skills:
 - Level 1.3 Dodging
 - Level 2.1 Stealth
 - Level 2.5 Spellcasting
 + Level 4.6 Ice Magic


You had 3 spell levels left.
You knew the following spells:

 Your Spells              Type           Power      Damage    Failure   Level
a - Freeze                Ice            68%        1d8       2%          1
b - Frozen Ramparts       Ice            34%        1d6       9%          3

Your spell library contained the following spells:

 Spells                   Type           Power      Damage    Failure   Level
 Ozocubu's Armour         Ice            17%        N/A       9%          3
 Apportation              Tloc           4%         N/A       19%         1
 Summon Ice Beast         Ice/Summ       9%         N/A       56%         4
 Alistair's Intoxication  Tmut/Pois      1%         N/A       99%         5


Dungeon Overview and Level Annotations

Branches:
Dungeon (4/15) Zot: 23468
 Temple: D:4-7

Altars:

Shops:
D:1 [


Innate Abilities, Weirdness & Mutations

You are completely covered in rugged brown scales. (AC +3, +7% HP)
Armour fits poorly on your strangely shaped body.
You have a long armoured tail.
You roll when moving toward enemies. (Rampage)
Your long tongue fully drains potion bottles. (2x potion effects)
Your tongue gives you trouble enunciating. (1.5x scroll delay)


Message History

Casting: Frozen Ramparts (quite dangerous; 9% risk of failure)
Confirm with . or Enter, or press ? or * to list all spells.
Casting: Frozen Ramparts (quite dangerous; 9% risk of failure)
Press: ? - help, Dir - look around, f - activate The walls around you are covered in ice.
The wall freezes the quokka.
You kill the quokka!
The wall freezes the scorpion.
You hit the scorpion.
Your tail-slap misses the scorpion.
The scorpion is moderately wounded.
The scorpion stings you.
The wall freezes the howler monkey.
You hit the scorpion but do no damage.
Your tail-slap misses the scorpion.
The scorpion is moderately wounded.
The scorpion stings you.
* * * LOW HITPOINT WARNING * * *
The wall freezes the howler monkey.
The scorpion stings you.
* * * LOW HITPOINT WARNING * * *
The wall freezes the howler monkey.
You hit the scorpion.
The scorpion is heavily wounded.
The wall freezes the scorpion.
The wall freezes the howler monkey.
The howler monkey hits you.
* * * LOW HITPOINT WARNING * * *
You slurp down every last drop of the bubbling emerald potion!
It was a potion of heal wounds.
You feel much better.
The wall freezes the howler monkey.
The howler monkey hits you!
You hit the scorpion.
Your tail-slap misses the scorpion.
The scorpion is severely wounded.
The scorpion stings you.
The wall freezes the howler monkey.
The howler monkey hits you!
* * * LOW HITPOINT WARNING * * *
The wall freezes the scorpion.
The scorpion stings you!
* * * LOW HITPOINT WARNING * * *
You slurp down every last drop of the brown potion!
It was a potion of haste.
You feel yourself speed up.
A hound comes into view.
The howler monkey hits you.
* * * LOW HITPOINT WARNING * * *
The howler monkey hits you.
You die...

####.........
#.....##.....
##........h...
#....###......
#.............
.######..........
....#.##....>....
.......hs#.......
#..###.@##.......
#..# #...... #.##
#..... .. #.#..
..# ###. ... ....
.....


You could see a scorpion, a howler monkey and a hound (wandering).

Vanquished Creatures
  An iguana (D:3)
  An adder (D:2)
  2 ball pythons (D:2)
  3 endoplasms
  A giant cockroach (D:2)
  3 goblins (D:2)
  3 hobgoblins (D:2)
  A kobold (D:2)
  2 quokkas
  2 bats
  A frilled lizard (D:3)
  A rat (D:2)
21 creatures vanquished.

Vanquished Creatures (others)
  A rat (D:2)
1 creature vanquished.

Grand Total: 22 creatures vanquished

Notes
Turn   | Place    | Note
-------+----------+-------------------------------------------
     0 | D:1      | iguanaiguana the Armataur Ice Elementalist began the quest
                  | for the Orb.
     0 | D:1      | Reached XP level 1. HP: 14/14 MP: 3/3
   124 | D:1      | Found Ojasmuf's Armour Shop.
   183 | D:2      | Reached XP level 2. HP: 10/21 MP: 1/5
   228 | D:3      | Reached skill level 4 in Ice Magic
   420 | D:2      | Reached XP level 3. HP: 27/27 MP: 3/6
   424 | D:2      | Learned a level 3 spell: Frozen Ramparts
   517 | D:4      | Noticed a scorpion
   530 | D:4      | HP: 1/27 [howler monkey (5)]
   530 | D:4      | Slain by a howler monkey

Illustrated notes

Levels and vault maps discovered:
D:1:      shiori_arrival_elements, layout_basic,
          chequers_ecumenical_altar_island, serial_shops, nicolae_shop_stone,
          minmay_misc_feat_tiny
D:2:      layout_rooms
D:3:      layout_rooms
D:4:      layout_cave_pools, minmay_temple_entry_antechambers

Skill      XL: |  1  2 |
---------------+-------+-----
Spellcasting   | 2 |  2.5
Ice Magic      | 4 |  4.6
Dodging        | |  1.3
Stealth        | |  2.1

Action                     || total
---------------------------++-------
  Melee: Unarmed           ||     8
         Tailslap          ||     2
         Whip              ||     4
  Throw: Dart              ||     2
   Cast: Freeze            ||    29
         Frozen Ramparts   ||     1
    Use: Potion            ||     2
         Scroll            ||     1
   Stab: Sleeping          ||     2
 Armour: Robe              ||    15
  Dodge: Dodged            ||    19

Table legend: (Time is in decaauts)
 A = Elapsed time spent in this place.
 B = Non-inter-level travel time spent in this place.
 C = Inter-level travel time spent in this place.
 D = Time resting spent in this place.
 E = Time spent auto-exploring this place.
 F = Levels seen in this place.
 G = Mean time per level.
                   A        B        C        D        E       F      G
               +--------+--------+--------+--------+--------+-----+--------+
         Total |    530 |    508 |     22 |     62 |      0 |   4 |  132.5 |
       Dungeon |    530 |    508 |     22 |     62 |      0 |   4 |  132.5 |
               +--------+--------+--------+--------+--------+-----+--------+

Top non-repeatable levels by time:
     D:2: 431 daAuts
     D:3: 57 daAuts
     D:4: 25 daAuts
     D:1: 15 daAuts
